[ AOE2 MATCH · #479018070 ]
UnrankedFranks vs Vietnamese
[ REPLAY ANALYSIS · EXTRACTED FROM THE RECORDED GAME ]
Feudal
15:03
Castle
—
Imperial
—
| APM avg | 25.7 |
| APM peak | 66 |
| eAPM avg | 11.6 |
| Villagers / military | 44 / 0 |
Focus
⚔️ 8.0% · 🌾 92.0%
Feudal
13:53
Castle
17:24
Imperial
—
| APM avg | 30.7 |
| APM peak | 63 |
| eAPM avg | 13.0 |
| Villagers / military | 27 / 0 |
Focus
⚔️ 28.4% · 🌾 71.6%
Feudal
13:56
Castle
—
Imperial
—
| APM avg | 49.6 |
| APM peak | 86 |
| eAPM avg | 20.5 |
| Villagers / military | 31 / 0 |
Focus
⚔️ 14.3% · 🌾 85.7%
Feudal
14:25
Castle
—
Imperial
—
| APM avg | 30.8 |
| APM peak | 71 |
| eAPM avg | 15.7 |
| Villagers / military | 27 / 0 |
Focus
⚔️ 31.4% · 🌾 68.6%
Fishing Ship ×5
Feudal
14:42
Castle
—
Imperial
—
| APM avg | 21.1 |
| APM peak | 35 |
| eAPM avg | 8.0 |
| Villagers / military | 30 / 4 |
Focus
⚔️ 9.8% · 🌾 90.2%
Spearman ×4
Feudal
14:23
Castle
—
Imperial
—
| APM avg | 20.1 |
| APM peak | 38 |
| eAPM avg | 12.4 |
| Villagers / military | 34 / 0 |
Focus
⚔️ 29.2% · 🌾 70.8%
Feudal
11:56
Castle
—
Imperial
—
| APM avg | 30.1 |
| APM peak | 77 |
| eAPM avg | 12.1 |
| Villagers / military | 36 / 8 |
Focus
⚔️ 36.7% · 🌾 63.3%
Scout Cavalry ×8
Feudal
13:09
Castle
—
Imperial
—
| APM avg | 36.1 |
| APM peak | 72 |
| eAPM avg | 18.2 |
| Villagers / military | 36 / 9 |
Focus
⚔️ 17.6% · 🌾 82.4%
Archer ×8 · Spearman ×1
Match map
Initial resources + every placement click. Lines = walls · curves = elevation contours. ◆ gold · ⬟ stone · ● berries · ✦ relic · ◌ wall gap
Your base· Open — unwalled flank
你们先开吧我晚点再来's base· Open — 4t gap
HAHA's base· Open — unwalled flank
这么早就组排's base· Open — unwalled flank
farewelloldking's base· Open — unwalled flank
精锐萌新's base· Open — 7t gap
我欲修仙法力无边's base· Open — unwalled flank
Night Fury2's base· Open — unwalled flank
Smoothed initial terrain · ◌ = detected wall gap · hover for details
Inputs per minute
— 864308444 - - 你们先开吧我晚点再来
Build order — 864308444
63 actions detected in the replay
| 0:32 | Build | Town Center |
| 0:59 | Build | House |
| 3:12 | Create | Villager (Male) |
| 3:12 | Create | Villager (Male) |
| 3:12 | Create | Villager (Male) |
| 3:13 | Create | Villager (Male) |
| 3:13 | Create | Villager (Male) |
| 4:50 | Create | Villager (Male) |
| 4:50 | Create | Villager (Male) |
| 4:51 | Create | Villager (Male) |
| 5:20 | Create | Villager (Male) |
| 5:20 | Create | Villager (Male) |
| 5:49 | Create | Villager (Male) |
| 5:49 | Create | Villager (Male) |
| 6:00 | Build | House |
| 6:01 | Build | House |
| 6:02 | Build | House |
| 6:13 | Create | Villager (Male) |
| 6:13 | Create | Villager (Male) |
| 6:13 | Create | Villager (Male) |
| 7:16 | Build | House |
| 7:19 | Build | House |
| 7:26 | Create | Villager (Male) |
| 7:27 | Create | Villager (Male) |
| 7:27 | Create | Villager (Male) |
| 7:27 | Create | Villager (Male) |
| 7:28 | Create | Villager (Male) |
| 8:26 | Build | Mill |
| 8:48 | Create | Villager (Male) |
| 8:49 | Create | Villager (Male) |
| 8:49 | Create | Villager (Male) |
| 8:50 | Create | Villager (Male) |
| 8:50 | Create | Villager (Male) |
| 10:51 | Create | Villager (Male) |
| 10:52 | Create | Villager (Male) |
| 10:56 | Build | Barracks |
| 11:42 | Create | Villager (Male) |
| 12:24 | Create | Villager (Male) |
| 12:53 | Research | Feudal Age |
| 14:39 | Research | Loom |
| 15:03 | Age | Feudal Age |
| 15:17 | Build | Watch Tower |
| 16:16 | Build | Mining Camp |
| 16:21 | Create | Villager (Male) |
| 16:22 | Create | Villager (Male) |
| 16:22 | Create | Villager (Male) |
| 16:22 | Create | Villager (Male) |
| 16:22 | Create | Villager (Male) |
| 16:23 | Create | Villager (Male) |
| 16:23 | Create | Villager (Male) |
| 16:23 | Create | Villager (Male) |
| 16:24 | Create | Villager (Male) |
| 16:24 | Create | Villager (Male) |
| 16:24 | Create | Villager (Male) |
| 16:25 | Create | Villager (Male) |
| 16:30 | Build | Farm |
| 16:31 | Build | Farm |
| 16:32 | Build | Farm |
| 16:34 | Build | Farm |
| 17:08 | Build | Mining Camp |
| 17:10 | Create | Villager (Male) |
| 17:10 | Create | Villager (Male) |
| 17:11 | Create | Villager (Male) |
Build order — 你们先开吧我晚点再来
62 actions detected in the replay
| 0:18 | Build | Town Center |
| 2:54 | Create | Villager (Male) |
| 2:54 | Create | Villager (Male) |
| 2:54 | Create | Villager (Male) |
| 2:54 | Create | Villager (Male) |
| 3:08 | Build | House |
| 3:09 | Build | House |
| 4:12 | Create | Villager (Male) |
| 4:45 | Create | Villager (Male) |
| 4:46 | Create | Villager (Male) |
| 4:48 | Build | Lumber Camp |
| 5:05 | Create | Villager (Male) |
| 5:31 | Create | Villager (Male) |
| 5:52 | Research | Loom |
| 5:53 | Create | Villager (Male) |
| 5:53 | Create | Villager (Male) |
| 6:27 | Create | Villager (Male) |
| 6:27 | Create | Villager (Male) |
| 6:30 | Create | Villager (Male) |
| 6:31 | Create | Villager (Male) |
| 6:57 | Create | Villager (Male) |
| 7:02 | Build | Mill |
| 7:15 | Build | House |
| 7:16 | Build | House |
| 7:21 | Build | House |
| 7:36 | Build | House |
| 7:39 | Create | Villager (Male) |
| 7:46 | Create | Villager (Male) |
| 8:27 | Create | Villager (Male) |
| 8:38 | Build | House |
| 9:11 | Create | Villager (Male) |
| 9:29 | Create | Villager (Male) |
| 9:38 | Build | House |
| 9:46 | Create | Villager (Male) |
| 9:53 | Build | House |
| 10:17 | Build | House |
| 10:28 | Create | Villager (Male) |
| 10:35 | Build | House |
| 10:56 | Create | Villager (Male) |
| 11:22 | Research | Feudal Age |
| 11:27 | Build | Mining Camp |
| 12:12 | Build | Mining Camp |
| 12:25 | Build | House |
| 12:55 | Create | Villager (Male) |
| 12:55 | Create | Villager (Male) |
| 13:53 | Age | Feudal Age |
| 13:54 | Build | Market |
| 13:56 | Build | Blacksmith |
| 14:04 | Research | Town Watch |
| 14:12 | Build | Outpost |
| 14:44 | Research | Castle Age |
| 14:45 | Research | Double-Bit Axe |
| 15:04 | Build | House |
| 15:06 | Build | Stone Wall |
| 15:10 | Build | Stone Wall |
| 15:18 | Build | House |
| 15:27 | Build | House |
| 16:35 | Research | Stone Mining |
| 16:37 | Research | Horse Collar |
| 16:52 | Build | Outpost |
| 17:00 | Create | Villager (Male) |
| 17:24 | Age | Castle Age |
Build order — HAHA
56 actions detected in the replay
| 0:45 | Build | Town Center |
| 1:10 | Build | Mill |
| 3:00 | Create | Villager (Male) |
| 3:01 | Create | Villager (Male) |
| 3:01 | Create | Villager (Male) |
| 3:01 | Create | Villager (Male) |
| 3:08 | Build | House |
| 3:42 | Create | Villager (Male) |
| 4:14 | Build | Lumber Camp |
| 4:44 | Create | Villager (Male) |
| 5:13 | Create | Villager (Male) |
| 5:22 | Build | House |
| 5:27 | Research | Loom |
| 5:50 | Create | Villager (Male) |
| 6:00 | Build | House |
| 6:15 | Create | Villager (Male) |
| 6:38 | Create | Villager (Male) |
| 6:57 | Create | Villager (Male) |
| 7:32 | Create | Villager (Male) |
| 7:53 | Build | House |
| 7:57 | Build | House |
| 8:16 | Create | Villager (Male) |
| 8:16 | Create | Villager (Male) |
| 8:17 | Create | Villager (Male) |
| 9:05 | Create | Villager (Male) |
| 9:06 | Create | Villager (Male) |
| 9:06 | Create | Villager (Male) |
| 9:56 | Build | Mining Camp |
| 10:04 | Create | Villager (Male) |
| 10:05 | Create | Villager (Male) |
| 10:19 | Create | Villager (Male) |
| 10:31 | Build | Farm |
| 10:39 | Build | Farm |
| 11:00 | Create | Villager (Male) |
| 11:42 | Research | Feudal Age |
| 12:31 | Create | Villager (Male) |
| 12:31 | Create | Villager (Male) |
| 12:32 | Create | Villager (Male) |
| 12:32 | Create | Villager (Male) |
| 13:40 | Build | Barracks |
| 13:56 | Age | Feudal Age |
| 13:58 | Create | Villager (Male) |
| 13:58 | Create | Villager (Male) |
| 13:58 | Create | Villager (Male) |
| 14:02 | Build | Mining Camp |
| 14:03 | Create | Villager (Male) |
| 14:10 | Build | Market |
| 14:18 | Build | Blacksmith |
| 14:46 | Create | Villager (Male) |
| 14:58 | Build | Farm |
| 15:12 | Research | Castle Age |
| 15:44 | Research | Stone Mining |
| 15:45 | Research | Stone Mining |
| 16:59 | Research | Double-Bit Axe |
| 16:59 | Research | Double-Bit Axe |
| 17:04 | Research | Horse Collar |
Build order — 这么早就组排
60 actions detected in the replay
| 0:07 | Build | Town Center |
| 1:47 | Build | House |
| 2:28 | Create | Villager (Male) ×4 |
| 3:33 | Build | Lumber Camp |
| 3:36 | Create | Villager (Male) |
| 4:18 | Build | House |
| 4:19 | Build | House |
| 4:34 | Create | Villager (Male) |
| 4:54 | Create | Villager (Male) |
| 5:25 | Create | Villager (Male) |
| 5:48 | Research | Loom |
| 5:54 | Build | House |
| 6:19 | Create | Villager (Male) |
| 6:39 | Create | Villager (Male) |
| 6:44 | Build | Dock |
| 7:06 | Create | Villager (Male) |
| 7:30 | Create | Villager (Male) |
| 7:32 | Create | Fishing Ship |
| 7:57 | Create | Villager (Male) |
| 8:02 | Create | Villager (Male) |
| 8:19 | Build | House |
| 8:32 | Create | Fishing Ship |
| 8:35 | Create | Villager (Male) |
| 8:36 | Create | Villager (Male) |
| 8:37 | Build | House |
| 8:44 | Build | House |
| 8:47 | Build | House |
| 9:22 | Create | Fishing Ship |
| 9:42 | Build | Mill |
| 9:45 | Create | Villager (Male) |
| 9:45 | Create | Villager (Male) |
| 9:45 | Create | Villager (Male) |
| 10:01 | Create | Villager (Male) |
| 10:19 | Create | Villager (Male) |
| 10:19 | Create | Villager (Male) |
| 10:21 | Build | House |
| 10:32 | Build | House |
| 10:42 | Create | Villager (Male) |
| 10:42 | Create | Villager (Male) |
| 10:57 | Create | Villager (Male) |
| 11:30 | Build | House |
| 11:32 | Build | House |
| 12:03 | Research | Feudal Age |
| 12:10 | Build | House |
| 13:13 | Build | Palisade Wall |
| 13:15 | Build | Palisade Wall |
| 13:58 | Build | Dock |
| 14:03 | Create | Villager (Male) |
| 14:03 | Create | Villager (Male) |
| 14:25 | Age | Feudal Age |
| 14:26 | Build | Blacksmith |
| 14:31 | Build | Market |
| 14:34 | Build | Palisade Wall |
| 14:37 | Build | House |
| 14:42 | Research | Double-Bit Axe |
| 15:21 | Research | Castle Age |
| 15:21 | Research | Castle Age |
| 15:33 | Build | Lumber Camp |
| 17:23 | Create | Fishing Ship |
| 17:23 | Create | Fishing Ship |
Build order — farewelloldking
53 actions detected in the replay
| 0:03 | Build | House |
| 0:07 | Build | House |
| 0:59 | Build | Town Center |
| 1:15 | Build | House |
| 3:08 | Create | Villager (Male) |
| 3:09 | Create | Villager (Male) |
| 3:09 | Create | Villager (Male) |
| 3:28 | Create | Villager (Male) |
| 4:23 | Create | Villager (Male) |
| 4:50 | Create | Villager (Male) |
| 5:14 | Create | Villager (Male) |
| 5:49 | Create | Villager (Male) |
| 5:55 | Build | Lumber Camp |
| 6:02 | Create | Villager (Male) |
| 6:22 | Create | Villager (Male) |
| 6:51 | Create | Villager (Male) |
| 7:27 | Create | Villager (Male) |
| 7:46 | Create | Villager (Male) |
| 7:51 | Build | House |
| 8:20 | Create | Villager (Male) |
| 8:30 | Create | Villager (Male) |
| 9:03 | Build | House |
| 9:05 | Build | House |
| 9:06 | Build | House |
| 9:13 | Create | Villager (Male) |
| 9:32 | Create | Villager (Male) |
| 10:20 | Build | House |
| 10:21 | Build | House |
| 10:27 | Create | Villager (Male) |
| 10:30 | Create | Villager (Male) |
| 11:02 | Create | Villager (Male) |
| 11:19 | Create | Villager (Male) |
| 11:56 | Build | Mill |
| 12:05 | Create | Villager (Male) |
| 12:19 | Research | Feudal Age |
| 13:05 | Build | Palisade Wall |
| 13:18 | Create | Villager (Male) |
| 13:18 | Create | Villager (Male) |
| 13:36 | Build | Barracks |
| 14:42 | Age | Feudal Age |
| 14:45 | Create | Spearman |
| 14:46 | Create | Spearman |
| 14:57 | Create | Villager (Male) |
| 15:04 | Create | Spearman |
| 15:28 | Create | Villager (Male) |
| 15:35 | Build | Mining Camp |
| 15:50 | Create | Spearman |
| 16:02 | Research | Loom |
| 16:09 | Create | Villager (Male) |
| 16:12 | Build | Blacksmith |
| 16:23 | Create | Villager (Male) |
| 17:19 | Create | Villager (Male) |
| 17:29 | Create | Villager (Male) |
Build order — 精锐萌新
58 actions detected in the replay
| 0:03 | Build | Town Center |
| 0:24 | Build | Town Center |
| 2:33 | Build | House |
| 3:03 | Create | Villager (Male) ×4 |
| 3:04 | Research | Loom |
| 4:10 | Create | Villager (Male) |
| 4:10 | Create | Villager (Male) |
| 4:28 | Build | House |
| 4:29 | Build | House |
| 4:46 | Create | Villager (Male) |
| 4:46 | Create | Villager (Male) |
| 5:05 | Create | Villager (Male) |
| 5:29 | Build | House |
| 5:42 | Build | House |
| 5:56 | Create | Villager (Male) |
| 5:56 | Create | Villager (Male) |
| 6:20 | Create | Villager (Male) |
| 6:20 | Create | Villager (Male) |
| 6:37 | Create | Villager (Male) |
| 6:37 | Create | Villager (Male) |
| 6:48 | Create | Villager (Male) |
| 7:13 | Build | Lumber Camp |
| 7:26 | Create | Villager (Male) |
| 7:26 | Create | Villager (Male) |
| 7:27 | Create | Villager (Male) |
| 7:45 | Research | Loom |
| 7:49 | Build | Palisade Wall |
| 7:55 | Create | Villager (Male) |
| 7:55 | Create | Villager (Male) |
| 8:00 | Create | Villager (Male) |
| 8:00 | Create | Villager (Male) |
| 8:10 | Create | Villager (Male) |
| 8:11 | Create | Villager (Male) |
| 8:11 | Create | Villager (Male) |
| 8:19 | Build | House |
| 8:41 | Create | Villager (Male) |
| 8:59 | Create | Villager (Male) |
| 9:27 | Build | House |
| 9:29 | Build | House |
| 9:31 | Create | Villager (Male) |
| 9:31 | Create | Villager (Male) |
| 10:00 | Build | Mill |
| 10:22 | Create | Villager (Male) |
| 10:26 | Build | House |
| 10:44 | Create | Villager (Male) |
| 10:46 | Build | House |
| 12:02 | Research | Feudal Age |
| 12:20 | Build | House |
| 12:34 | Build | House |
| 12:48 | Create | Villager (Male) |
| 12:49 | Create | Villager (Male) |
| 14:23 | Age | Feudal Age |
| 14:28 | Build | Market |
| 14:30 | Build | Blacksmith |
| 15:10 | Research | Castle Age |
| 15:41 | Research | Double-Bit Axe |
| 16:26 | Research | Horse Collar |
| 17:00 | Research | Town Watch |
Build order — 我欲修仙法力无边
64 actions detected in the replay
| 1:03 | Build | Town Center |
| 3:00 | Create | Villager (Male) |
| 3:00 | Create | Villager (Male) |
| 3:00 | Create | Villager (Male) |
| 3:01 | Create | Villager (Male) |
| 3:01 | Create | Villager (Male) |
| 4:08 | Create | Villager (Male) |
| 4:08 | Create | Villager (Male) |
| 4:44 | Create | Villager (Male) |
| 4:51 | Create | Villager (Male) |
| 4:51 | Create | Villager (Male) |
| 5:21 | Create | Villager (Male) |
| 5:22 | Create | Villager (Male) |
| 5:22 | Create | Villager (Male) |
| 5:25 | Build | Palisade Wall |
| 6:15 | Build | Palisade Wall |
| 6:47 | Build | Lumber Camp |
| 6:50 | Create | Villager (Male) |
| 6:51 | Create | Villager (Male) |
| 6:51 | Create | Villager (Male) |
| 6:51 | Create | Villager (Male) |
| 6:54 | Create | Villager (Male) |
| 6:55 | Create | Villager (Male) |
| 7:27 | Create | Villager (Male) |
| 7:27 | Create | Villager (Male) |
| 8:02 | Create | Villager (Male) |
| 8:42 | Build | Mill |
| 9:02 | Research | Loom |
| 9:35 | Research | Feudal Age |
| 10:18 | Build | Barracks |
| 11:56 | Age | Feudal Age |
| 11:57 | Build | Stable |
| 11:59 | Research | Double-Bit Axe |
| 12:00 | Create | Villager (Male) |
| 12:02 | Create | Villager (Male) |
| 12:27 | Create | Villager (Male) |
| 12:37 | Create | Scout Cavalry |
| 12:52 | Research | Horse Collar |
| 12:54 | Create | Scout Cavalry |
| 13:05 | Build | Farm |
| 13:08 | Create | Villager (Male) |
| 13:20 | Build | Farm |
| 13:22 | Create | Scout Cavalry |
| 13:23 | Create | Villager (Male) |
| 13:42 | Create | Scout Cavalry |
| 13:43 | Create | Villager (Male) |
| 13:47 | Build | Farm |
| 14:17 | Create | Villager (Male) |
| 14:18 | Create | Scout Cavalry |
| 14:48 | Create | Villager (Male) |
| 15:18 | Create | Villager (Male) |
| 15:28 | Build | Mill |
| 15:30 | Create | Scout Cavalry |
| 15:44 | Create | Villager (Male) |
| 15:46 | Create | Scout Cavalry |
| 15:51 | Build | Farm |
| 15:52 | Build | Farm |
| 16:10 | Create | Villager (Male) |
| 16:18 | Create | Scout Cavalry |
| 16:18 | Create | Villager (Male) |
| 16:23 | Build | Blacksmith |
| 16:47 | Create | Villager (Male) |
| 17:15 | Research | Forging |
| 17:35 | Create | Villager (Male) |
Build order — Night Fury2
67 actions detected in the replay
| 1:27 | Build | Town Center |
| 2:02 | Build | House |
| 2:11 | Build | House |
| 3:40 | Create | Villager (Male) |
| 3:41 | Create | Villager (Male) |
| 3:41 | Create | Villager (Male) |
| 4:15 | Create | Villager (Male) |
| 4:36 | Build | House |
| 5:01 | Create | Villager (Male) |
| 5:02 | Create | Villager (Male) |
| 5:15 | Create | Villager (Male) |
| 6:10 | Create | Villager (Male) |
| 6:11 | Create | Villager (Male) |
| 6:57 | Build | Lumber Camp |
| 7:14 | Research | Loom |
| 7:27 | Create | Villager (Male) |
| 7:28 | Create | Villager (Male) |
| 7:43 | Build | House |
| 7:49 | Create | Villager (Male) |
| 7:49 | Create | Villager (Male) |
| 7:50 | Create | Villager (Male) |
| 7:50 | Create | Villager (Male) |
| 8:10 | Create | Villager (Male) |
| 9:11 | Build | Mill |
| 9:13 | Create | Villager (Male) |
| 9:35 | Create | Villager (Male) |
| 10:17 | Create | Villager (Male) |
| 10:23 | Build | Mining Camp |
| 10:31 | Create | Villager (Male) |
| 10:34 | Create | Villager (Male) |
| 10:34 | Create | Villager (Male) |
| 10:53 | Research | Feudal Age |
| 10:54 | Research | Feudal Age |
| 11:30 | Build | House |
| 11:58 | Create | Villager (Male) |
| 12:11 | Create | Villager (Male) |
| 12:40 | Create | Villager (Male) |
| 12:44 | Build | Barracks |
| 12:51 | Create | Villager (Male) |
| 13:06 | Create | Villager (Male) |
| 13:09 | Age | Feudal Age |
| 13:16 | Research | Horse Collar |
| 13:19 | Research | Double-Bit Axe |
| 13:20 | Create | Villager (Male) |
| 13:43 | Build | Archery Range |
| 13:46 | Create | Villager (Male) |
| 13:50 | Build | Blacksmith |
| 14:17 | Create | Villager (Male) |
| 14:41 | Research | Fletching |
| 14:43 | Create | Archer ×5 |
| 15:03 | Create | Villager (Male) |
| 15:10 | Research | Padded Archer Armor |
| 15:18 | Build | House |
| 15:21 | Research | Wheelbarrow |
| 15:37 | Build | Mill |
| 15:47 | Build | House |
| 15:53 | Build | House |
| 15:57 | Build | Archery Range |
| 16:17 | Create | Villager (Male) |
| 16:22 | Create | Archer |
| 16:51 | Create | Spearman |
| 16:53 | Create | Archer |
| 16:54 | Create | Archer |
| 17:20 | Create | Villager (Male) |
| 17:23 | Create | Villager (Male) |
| 17:23 | Create | Villager (Male) |
| 17:45 | Create | Villager (Male) |
Match timeline
| 5:25 | 我欲修仙法力无边 · wall_segment Palisade Wall x1 |
| 6:15 | 我欲修仙法力无边 · wall_segment Palisade Wall x1 |
| 6:44 | 这么早就组排 · first_building Dock |
| 7:49 | 精锐萌新 · wall_segment Palisade Wall x1 |
| 10:18 | 我欲修仙法力无边 · first_building Barracks |
| 10:56 | 864308444 · first_building Barracks |
| 11:56 | 我欲修仙法力无边 · age_up feudal |
| 11:57 | 我欲修仙法力无边 · first_building Stable |
| 12:44 | Night Fury2 · first_building Barracks |
| 13:05 | farewelloldking · wall_segment Palisade Wall x9 |
| 13:09 | Night Fury2 · age_up feudal |
| 13:13 | 这么早就组排 · wall_segment Palisade Wall x8 |
| 13:15 | 这么早就组排 · wall_segment Palisade Wall x4 |
| 13:36 | farewelloldking · first_building Barracks |
| 13:40 | HAHA · first_building Barracks |
| 13:43 | Night Fury2 · first_building Archery Range |
| 13:53 | 你们先开吧我晚点再来 · age_up feudal |
| 13:56 | HAHA · age_up feudal |
| 14:23 | 精锐萌新 · age_up feudal |
| 14:25 | 这么早就组排 · age_up feudal |
| 14:34 | 这么早就组排 · wall_segment Palisade Wall x1 |
| 14:42 | farewelloldking · age_up feudal |
| 15:03 | 864308444 · age_up feudal |
| 15:06 | 你们先开吧我晚点再来 · wall_segment Stone Wall x1 |
| 15:10 | 你们先开吧我晚点再来 · wall_segment Stone Wall x1 |
| 17:24 | 你们先开吧我晚点再来 · age_up castle |
| 17:29 | 864308444 · resign |
[ AI ANALYSIS · 1 CREDIT ]
What really happened in this match?
Wolo.gg analyzes every decision: build order, eco, micro, common mistakes by bracket. Personalized analysis on WhatsApp or Discord in 30 seconds.
Civ guide
Franks
Perfil
Jugador #1459528